Map: 이터널 엠파이어 - 래더

Players

Astrea

  • Race: Protoss Protoss
  • Spawn Location: 1:00

DPGCure (Cure) - Winner!

  • Race: Terran Terran
  • Spawn Location: 7:00

Event: StayAtHomestory Cup #2

VOD

Have the link to the VOD?

Description

Time

  • Played on: June 11, 2020, 6:11 a.m.
  • Length: 9:21

All games in this series

Show
View Real Time Build Order
Export as new Build Order

Astrea Protoss 

Build Orders: 1 Gate Expand, Double Forge, Blink Stalkers 

Get SALT Encoding   

  12  0:00  Probe  
  13  0:12  Probe  
  14  0:17  Pylon  
  14  0:23  Probe  
  15  0:31  Probe  
  16  0:37  Gateway  
  16  0:39  Probe  
  16  0:45  Assimilator  
  17  0:51  Probe  
  18  1:03  Probe  
  19  1:15  Probe  
  20  1:22  Nexus  
  20  1:33  Cybernetics Core  
  20  1:35  Probe  
  21  1:42  Assimilator  
  21  1:47  Probe  
  21  1:50  Pylon  
  22  1:59  Stalker  
  22  2:00  Probe  
  23  2:10  Warp Gate  
  23  2:12  Probe  
  26  2:24  Probe  
  26  2:29  Sentry  
  29  2:30  Probe  
  29  2:32  Probe  
  31  2:38  Probe  
  31  2:40  Probe  
  31  2:43  Twilight Council  
  32  2:48  Probe  
  32  2:50  Probe  
  34  2:55  Stalker  
  37  3:00  Probe  
  37  3:01  Blink  
  37  3:02  Probe  
  39  3:05  Gateway  
  39  3:12  Probe  
  40  3:14  Pylon  
  40  3:15  Probe  
  41  3:24  Probe  
  43  3:27  Probe  
  43  3:32  Stalker  
  45  3:36  Probe  
  45  3:39  Probe  
  47  3:47  Nexus  
  47  3:51  Probe  
  47  3:54  Pylon  
  48  3:56  Probe  
  49  4:03  Probe  
  49  4:09  Stalker  
  52  4:17  Stalker  
  52  4:18  Probe  
  52  4:19  Probe  
  50  4:30  Probe  
  50  4:31  Probe  
  50  4:34  Forge x2  
  51  4:39  Probe  
  51  4:40  Probe  
  53  4:48  Probe  
  53  4:49  Sentry, Probe  
  53  4:52  Pylon  
  56  4:55  Pylon  
  56  4:57  Probe x2  
  56  4:58  Probe  
  56  4:59  Protoss Ground Armor Level 1  
  57  5:01  Gateway x2, Protoss Ground Weapons Level 1  
  57  5:02  Charge  
  57  5:05  Probe  
  60  5:09  Probe  
  60  5:10  Probe  
  63  5:18  Probe  
  64  5:24  Probe x2  
  64  5:25  Gateway  
  64  5:26  Gateway  
  66  5:31  Gateway  
  66  5:32  Gateway  
  66  5:35  Sentry  
  66  5:36  Zealot  
  66  5:37  Probe  
  66  5:38  Probe  
  72  5:46  Probe  
  69  5:53  Probe  
  69  5:58  Zealot x4  
  75  6:09  Probe x3, Pylon  
  78  6:12  Robotics Facility  
  78  6:14  Assimilator  
  78  6:19  Assimilator  
  78  6:21  Probe, Stalker  
  78  6:24  Stalker x2  
  78  6:25  Zealot x3  
  83  6:35  Stalker  
  83  6:36  Zealot  
  87  6:40  Probe x2  
  87  6:44  Probe  
  84  6:49  Sentry  
  84  6:52  Probe x2  
  80  6:54  Zealot x4  
  80  6:55  Zealot  
  80  6:56  Probe  
  80  7:01  Warp Prism  
  91  7:04  Probe  
  91  7:08  Probe x2  
  91  7:15  Stalker  
  96  7:16  Stalker  
  90  7:24  Probe  
  90  7:29  Probe  
  84  7:30  Zealot  
  84  7:31  Zealot x4  
  84  7:32  Immortal  
  84  7:34  Probe  
  84  7:36  Sentry  
  93  7:41  Sentry  
  99  7:44  Probe  
  97  8:03  Stalker x2  
  99  8:14  Pylon  
  99  8:16  Pylon  
  99  8:17  Observer, Robotics Bay  
  100  8:21  Probe  
  101  8:30  Probe x2, Pylon  
  101  8:32  Immortal, Probe  
  103  8:36  Shield Battery  
  103  8:38  Probe x2  
  103  8:40  Probe  
  108  8:47  Probe  
  108  8:48  Sentry, Probe  
  111  8:49  Zealot x3  
  121  8:57  Assimilator  
  121  9:01  Assimilator  
  121  9:05  Pylon  
  121  9:15  Pylon  
  121  9:16  Pylon  
  117  9:18  Pylon  
Show
View Real Time Build Order
Export as new Build Order

DPGCure Terran - Winner!

Build Orders: Reaper Expand 

Get SALT Encoding   

  12  0:00  SCV  
  13  0:12  SCV  
  14  0:17  Supply Depot  
  14  0:24  SCV  
  15  0:38  SCV  
  15  0:41  Barracks  
  16  0:42  Refinery  
  16  0:50  SCV  
  17  1:02  SCV  
  18  1:14  SCV  
  19  1:27  Orbital Command  
  19  1:28  Reaper  
  20  1:41  Command Center  
  20  1:50  Supply Depot  
  20  1:53  SCV  
  21  1:59  Marine  
  22  2:02  Bunker  
  22  2:07  SCV  
  23  2:15  Factory  
  23  2:20  Barracks Reactor  
  23  2:22  SCV  
  24  2:27  Refinery  
  24  2:34  SCV  
  25  2:43  Barracks  
  25  2:46  SCV  
  26  2:54  Orbital Command  
  26  2:58  SCV  
  26  3:04  Hellion, Barracks Tech Lab  
  26  3:05  Hellion  
  31  3:10  SCV  
  32  3:21  SCV  
  32  3:22  SCV, Marine  
  32  3:26  Hellion x2  
  39  3:31  Marine  
  41  3:34  SCV x2  
  41  3:38  Supply Depot, Stimpack  
  41  3:40  Marine  
  43  3:46  SCV  
  43  3:47  SCV  
  45  3:53  Supply Depot  
  45  3:58  SCV  
  45  4:00  SCV, Marine x2, Marauder  
  51  4:06  Factory Reactor, Starport  
  51  4:10  SCV  
  51  4:12  SCV  
  51  4:17  Supply Depot  
  51  4:19  Engineering Bay  
  49  4:28  Marine x2, Marauder  
  49  4:29  SCV x2  
  50  4:35  Bunker  
  50  4:41  SCV x2  
  50  4:43  Medivac  
  56  4:45  Widow Mine  
  56  4:46  Marine x2, Widow Mine  
  56  4:50  Terran Infantry Weapons Level 1, Marauder  
  62  4:54  Supply Depot  
  62  4:57  Barracks  
  62  4:59  SCV x2  
  64  5:04  Refinery  
  64  5:05  Marine x2  
  66  5:11  Marauder  
  68  5:15  Medivac  
  68  5:16  Widow Mine x2  
  68  5:18  SCV x2  
  76  5:22  Supply Depot  
  76  5:23  Combat Shield  
  76  5:26  Marine x2  
  78  5:32  Supply Depot  
  78  5:44  SCV x2, Factory Reactor, Marauder  
  78  5:49  Marine x2, Barracks Tech Lab  
  84  5:56  SCV x2  
  83  6:00  Medivac  
  84  6:05  Marauder  
  84  6:08  SCV x2  
  84  6:09  Marine x2  
  84  6:10  Marauder  
  84  6:11  Command Center  
  92  6:15  Supply Depot  
  92  6:16  Supply Depot  
  92  6:18  Concussive Shells  
  92  6:22  Refinery  
  92  6:24  Barracks  
  92  6:25  Barracks  
  88  6:33  Marine x2, Marauder x2  
  88  6:35  SCV  
  88  6:36  SCV  
  88  6:39  Medivac x2  
  98  6:40  Widow Mine  
  98  6:45  Widow Mine  
  102  6:50  SCV x2  
  102  6:53  Marine x2  
  101  6:55  Marauder x2  
  101  6:59  Terran Infantry Armor Level 1  
  105  7:02  SCV  
  105  7:04  SCV  
  107  7:11  Marine x2  
  109  7:15  Barracks Reactor, Barracks Tech Lab  
  109  7:19  Marauder  
  115  7:22  Widow Mine x2, Marauder  
  115  7:24  Orbital Command  
  115  7:29  Marine x2  
  113  7:35  Marauder  
  113  7:36  SCV x2  
  119  7:41  Supply Depot, Marauder  
  119  7:43  Medivac x2, Supply Depot  
  125  7:51  Widow Mine  
  125  7:53  Armory  
  125  7:55  Engineering Bay  
  125  8:02  Marine x3  
  125  8:03  SCV, Marauder x2  
  125  8:04  Marine  
  125  8:05  Marauder  
  134  8:06  SCV  
  134  8:08  Refinery x2  
  134  8:09  SCV, Supply Depot  
  134  8:15  SCV, Widow Mine  
  134  8:16  Widow Mine  
  134  8:17  Medivac  
  134  8:18  Medivac  
  141  8:26  Supply Depot  
  141  8:31  SCV x3, Marine, Marauder x2  
  141  8:32  Supply Depot  
  149  8:44  Supply Depot x2  
  149  8:47  SCV x3, Marine x3  
  149  8:48  Marauder  
  157  8:54  Widow Mine x2  
  161  8:59  Marauder x2  
Tags
 
Add a new tag
Caveats
  • Supply blocks, unpowered buildings, or Contaminate may cause inaccurate times.
  • Supply counts are checked every 10 seconds.